 Dungeon Crawl Stone Soup version 0.20-a0-738-gb057e68 (webtiles) character file.

6183 polly the Quickloader (level 11, -2/133 HPs)
             Began as a Formicid Hunter on Feb 24, 2017.
             Was a Priest of Okawaru.
             Shot with an arrow by a centaur warrior (9 damage)
             ... on level 9 of the Dungeon.
             The game lasted 00:16:09 (10786 turns).

polly the Quickloader (Formicid Hunter)            Turns: 10786, Time: 00:16:10

Health: -2/133     AC: 25    Str: 22 (25) XL:     11   Next: 13%
Magic:  11/11      EV:  2    Int: 11      God:    Okawaru [***...]
Gold:   390        SH:  0    Dex: 14      Spells: 10/10 levels left

rFire    . . .     SeeInvis .   B - +0 whip (freeze)
rCold    . . .     Gourm    .   (armour currently unavailable)
rNeg     + + +     Faith    .   (no shield)
rPois    +         Spirit   .   (helmet unavailable)
rElec    .         Reflect  .   (cloak currently unavailable)
rCorr    .         Harm     .   (gloves currently unavailable)
MR       +....                  (boots currently unavailable)
Stlth    ++........             (no amulet)
Regen    0.4/turn               (no ring)
MPRegen  0.2/turn               t - +6 ring of strength

@: tree-form
A: permanent stasis, dig shafts and tunnels, four strong arms, (antennae 0),
repulsion field 1, strong 1
a: Heroism, Renounce Religion


You were on level 9 of the Dungeon.
You worshipped Okawaru.
Okawaru was most pleased with you.
You were not hungry.
You were a tree.
You visited 2 branches of the dungeon, and saw 10 of its levels.

You collected 390 gold pieces.

Inventory:

Hand Weapons
 a - a +1 hand crossbow
 B - a +0 whip of freezing (weapon)
Armour
 g - a +1 cloak (melded)
 v - a +0 chain mail (melded)
Jewellery
 t - a +6 ring of strength (left branch)
 G - an uncursed ring of protection from cold
Wands
 s - a wand of iceblast (6/15)
 D - a wand of enslavement (13/24)
 H - a wand of digging (13/24)
 K - a wand of lightning (10/15)
Scrolls
 b - a scroll of magic mapping {unknown}
 c - 2 scrolls of blinking {unknown}
 h - 12 scrolls of identify
 j - 3 scrolls of fear
 m - a scroll of amnesia
 n - 3 scrolls of remove curse
 o - 3 scrolls of teleportation {unknown}
 r - 2 scrolls of fog {unknown}
 u - a scroll of random uselessness {unknown}
 w - a scroll of enchant armour {unknown}
 y - 3 scrolls of recharging {unknown}
 I - a scroll of immolation {unknown}
Potions
 i - a potion of lignification
 q - a potion of mutation
 E - 3 potions of haste
 J - a potion of resistance
Books
 C - a book of Callings

   Spells                             Type                      Level
   a - Summon Small Mammal            Summoning                    1
   b - Call Imp                       Summoning                    2
   c - Call Canine Familiar           Summoning                    3
   d - Summon Guardian Golem          Hexes/Summoning              3
   e - Summon Lightning Spire         Summoning/Air                4
   f - Summon Ice Beast               Ice/Summoning                4
Comestibles
 f - 8 bread rations
 p - 5 fruits
 x - 13 royal jellies
 z - 2 meat rations


   Skills:
 + Level 9.0 Fighting
 + Level 3.4 Maces & Flails
 + Level 11.1 Crossbows
 + Level 8.9 Armour
 + Level 2.5 Dodging
 - Level 2.0 Stealth
 - Level 0.4 Evocations


You had 10 spell levels left.
You didn't know any spells.

Dungeon Overview and Level Annotations

Branches:
Dungeon (9/15)             Temple (1/1) D:6            Lair (0/6) D:9
    Orc: D:9-12

Altars:
Ashenzari
Cheibriados
Dithmenos
Elyvilon
Fedhas
Gozag
Hepliaklqana
Kikubaaqudgha
Makhleb
Nemelex Xobeh
Okawaru
Qazlal
Ru
Sif Muna
Trog
Uskayaw
Vehumet
Wu Jian
Xom
Yredelemnul
Zin
The Shining One

Shops:
D:5 *

Annotations:
D:7 polly's ghost, novice GrFi


Innate Abilities, Weirdness & Mutations

You cannot be hasted, slowed, berserked, paralysed or teleported.
You can dig through walls and to a lower floor.
Your four strong arms can wield two-handed weapons with a shield.
((You have a pair of large antennae on your head. (SInv)))
You are surrounded by a mild repulsion field. (EV +2)
Your muscles are strong. (Str +2)


Message History

The centaur warrior is lightly wounded.
The centaur warrior hits you but does no damage.
You hit the centaur warrior but do no damage.
The centaur warrior is lightly wounded.
The centaur warrior hits you but does no damage.
You hit the centaur warrior. You freeze the centaur warrior.
The centaur warrior is lightly wounded.
The centaur warrior hits you but does no damage. x2
As you read the scroll of fear, it crumbles to dust.
You assume a fearsome visage.
The centaur warrior looks frightened!
A centaur warrior is nearby!
You start resting.
The centaur warrior wields an uncursed shortbow.
The centaur warrior shoots an arrow.
The arrow hits you but does no damage.
The centaur warrior shoots an arrow.
The arrow hits you but does no damage.
The centaur warrior shoots an arrow.
The arrow hits you but does no damage.
The centaur warrior shoots an arrow.
The arrow hits you!
* * * LOW HITPOINT WARNING * * *
The centaur warrior shoots an arrow.
The arrow hits you!
You die...

....'......#.....#.....(......#
....#......#.....#............#
....#......#######............#
....#...........(#............#
....#......).....#......c.....#
....########.....#.....(......#
...... #.....#....(########
....... #.....# .(. .......
#....♣###(###.. .......
#.......(...... #####.
#......(....... #######........
#....c... #........ #........
#........ #########


You could see a centaur warrior.

Vanquished Creatures
  A two-headed ogre (D:9)
  Pikel (D:4)
  The ghost of acidosis4 the Bolt Thrower, a novice KoAM (D:4)
  A troll (D:7)
  3 hippogriffs
  A wyvern (D:9)
  6 yaks
  Edmund (D:6)
  2 black bears
  4 sky beasts
  An ice beast (D:6)
  An orc warrior (D:8)
  2 ogres
  2 centaurs (D:9)
  A big kobold (D:9)
  A bullfrog (D:8)
  A wyvern zombie (D:8)
  5 scorpions
  6 howler monkeys (D:8)
  A bullfrog zombie (D:5)
  3 hounds
  3 bullfrog skeletons
  6 jellies
  7 orc wizards
  Jessica (D:2)
  5 iguanas
  9 worker ants
  A hound skeleton (D:4)
  7 gnolls (D:5)
  7 adders
  5 oozes (D:9)
  An adder zombie (D:9)
  4 dart slugs
  2 worms
  6 leopard geckos
  20 orcs
  9 giant cockroaches
  5 goblins
  6 hobgoblins
  8 jackals
  7 kobolds
  7 quokkas
  3 ball pythons
  8 bats
  4 frilled lizards
  7 rats
193 creatures vanquished.

Vanquished Creatures (others)
  An iguana (D:4)
  An adder (D:4)
2 creatures vanquished.

Grand Total: 195 creatures vanquished

Notes
Turn   | Place    | Note
-------+----------+-------------------------------------------
     0 | D:1      | polly the Formicid Hunter began the quest for the Orb.
     0 | D:1      | Reached XP level 1. HP: 16/16 MP: 1/1
    25 | D:1      | Reached XP level 2. HP: 16/23 MP: 2/2
   363 | D:1      | Reached XP level 3. HP: 18/28 MP: 3/3
   847 | D:2      | Reached XP level 4. HP: 35/35 MP: 4/4
   893 | D:2      | Reached skill level 5 in Crossbows
   914 | D:2      | Found a hazy altar of Hepliaklqana.
  1001 | D:2      | Found a burning altar of Makhleb.
  1115 | D:2      | Noticed Jessica
  1124 | D:2      | Killed Jessica
  1649 | D:3      | Reached XP level 5. HP: 41/41 MP: 5/5
  1814 | D:3      | Found a shattered altar of Ashenzari.
  1844 | D:3      | Found a shadowy altar of Dithmenos.
  2040 | D:3      | Reached skill level 1 in Armour
  2300 | D:4      | Reached skill level 6 in Crossbows
  2300 | D:4      | Reached XP level 6. HP: 32/47 MP: 6/6
  2439 | D:4      | Noticed acidosis4's ghost (novice KoAM)
  2447 | D:4      | Killed acidosis4's ghost
  2447 | D:4      | Reached skill level 7 in Crossbows
  2447 | D:4      | Reached XP level 7. HP: 54/54 MP: 7/7
  2449 | D:4      | Noticed Pikel
  2455 | D:4      | Killed Pikel
  2455 | D:4      | Reached skill level 8 in Crossbows
  2455 | D:4      | Reached XP level 8. HP: 61/61 MP: 8/8
  2467 | D:4      | Found a deep blue altar of Sif Muna.
  2644 | D:4      | Found a basalt altar of Yredelemnul.
  2645 | D:4      | Found an ornate altar of the Wu Jian Council.
  2649 | D:4      | Found a hide-covered altar of Uskayaw.
  2649 | D:4      | Found a blossoming altar of Fedhas.
  2743 | D:4      | Reached skill level 9 in Crossbows
  2859 | D:4      | Reached skill level 5 in Fighting
  2885 | D:5      | Entered Level 5 of the Dungeon
  2885 | D:5      | Found Carruboe's Elemental Accessories.
  3177 | D:5      | Reached XP level 9. HP: 68/68 MP: 9/9
  3921 | D:6      | Reached skill level 10 in Crossbows
  4075 | D:6      | Found a staircase to the Ecumenical Temple.
  4076 | D:6      | Noticed Edmund
  4087 | D:6      | Killed Edmund
  4257 | Temple   | Entered the Ecumenical Temple
  4329 | Temple   | Became a worshipper of Warmaster Okawaru
  4422 | D:6      | Reached skill level 5 in Armour
  4833 | D:7      | Noticed polly's ghost (novice GrFi)
  5879 | D:7      | Found a sacrificial altar of Ru.
  6351 | D:7      | Noticed a troll
  6356 | D:7      | Killed a troll
  6409 | D:7      | Reached skill level 1 in Maces & Flails
  6839 | D:8      | Reached XP level 10. HP: 33/77 MP: 10/10
  6842 | D:8      | Reached * piety under Okawaru
  7562 | D:8      | Found an ancient bone altar of Kikubaaqudgha.
  8132 | D:9      | Found a staircase to the Lair.
  8491 | D:9      | Found a bloodstained altar of Trog.
  8515 | D:9      | Reached ** piety under Okawaru
  8711 | D:8      | Reached skill level 11 in Crossbows
  9001 | D:8      | Gained mutation: You are surrounded by a mild repulsion field. (EV +2) [potion of mutation]
  9001 | D:8      | Gained mutation: Your muscles are strong. (Str +2) [potion of mutation]
  9006 | D:8      | HP: 3/120 [yak (6)]
  9012 | D:8      | HP: 5/121 [yak (9)]
  9374 | D:9      | Noticed a two-headed ogre
  9417 | D:9      | Noticed a centaur warrior
 10538 | D:9      | Found a glowing silver altar of Zin.
 10648 | D:9      | Killed a two-headed ogre
 10648 | D:9      | Reached XP level 11. HP: 66/87 MP: 11/11
 10677 | D:9      | Reached *** piety under Okawaru
 10786 | D:9      | Shot with an arrow by a centaur warrior

Vault maps used:
D:1:      mushboom_english_gardens, st_stairs_5, minmay_misc_feat_hallway
D:2:      lemuel_round_altar, lemuel_doored_altar, uniq_jessica
D:3:      lemuel_round_altar, lemuel_crystal_altar, minivault_25
D:4:      tgw_sif, chequers_temple_overflow_statue_of_worship, uniq_pikel
D:5:      black_bear_nest_1, first_bread, nicolae_elemental_shop
D:6:      minmay_temple_entry_glassed_door, uniq_edmund
D:7:      hangedman_ru_absence
D:8:      marbit_many_paths
D:9:      bloody_trog, zin_statuary, lair_entry_dummy,
          hangedman_little_slice_of_home
Temple:   dpeg_three_leaves_temple

Skill      XL: |  1  2  3  4  5  6  7  8  9 10 11 |
---------------+----------------------------------+-----
Fighting       | 3 4 5 6 8 9 |  9.0
Crossbows      | 5 6 7 8 9 10 11 | 11.1
Armour         | 1 2 3 4 6 8 |  8.9
Dodging        | 2 |  2.5
Maces & Flails | 1 3 |  3.4
Stealth        | 2 |  2.0
Evocations     | |  0.4

Action                   |  1- 3 |  4- 6 |  7- 9 | 10-12 || total
-------------------------+-------+-------+-------+-------++-------
Melee: Whip              |       |       |    29 |   137 ||   166
 Fire: Hand crossbow     |    85 |    81 |   265 |   183 ||   614
Evoke: Wand              |       |       |     3 |       ||     3
  Use: Scroll            |       |     3 |       |     2 ||     5
       Potion            |       |       |       |    13 ||    13
  Eat: Chunk             |       |     4 |    13 |    10 ||    27
       Fruit             |       |       |       |     4 ||     4
Armor: Leather armour    |    12 |     1 |       |       ||    13
       Chain mail        |       |     6 |    78 |   121 ||   205
       Skin              |       |       |       |    25 ||    25
Dodge: Dodged            |    26 |     6 |    73 |   141 ||   246
